 Dungeon Crawl Stone Soup version 0.28.0-43-g3370ac3207 (webtiles) character file.

Game seed: 14781409474125500321

8783 suse60 the Blocker (level 11, -2/72 HPs)
             Began as a Gargoyle Fighter on Mar 21, 2022.
             Was an Elder of the Shining One.
             Engulfed by a cloud of freezing vapour (30 damage)
             ... on level 1 of the Lair of Beasts.
             The game lasted 01:24:15 (9842 turns).

suse60 the Blocker (Gargoyle Fighter)               Turns: 9842, Time: 01:24:15

Health: -2/72      AC: 24    Str: 20    XL:     11   Next: 36%
Magic:  11/11      EV: 28    Int:  9    God:    the Shining One [****..]
Gold:   469        SH: 12    Dex: 20    Spells: 10/10 levels left

rFire   . . .      SeeInvis .   e - +3 mace of Juoz {distort, *Corrode rElec rC- Dex+7}
rCold   x . .      Faith    .   c - +0 buckler
rNeg    + + +      Spirit   .   b - +0 scale mail
rPois   ∞          Reflect  .   n - +0 helmet
rElec   +          Harm     .   l - +1 cloak
rCorr   .          Rampage  .   (no gloves)
Will    +....                   i - +2 pair of boots
Stlth   ..........              f - amulet of the acrobat
HPRegen 0.22/turn               u - ring of willpower
MPRegen 0.12/turn               k - +4 ring of evasion

@: acrobatic, glowing, studying Shields
A: sickness immunity, AC +8, negative energy resistance 1, electricity
resistance, torment resistance 1, petrification resistance, large bone plates 1,
wild magic 1
a: Renounce Religion, Divine Shield, Cleansing Flame


You were on level 1 of the Lair of Beasts.
You worshipped the Shining One.
The Shining One was greatly pleased with you.
You visited 3 branches of the dungeon, and saw 10 of its levels.
You also visited: Sewer.

You collected 469 gold pieces.

Inventory:

Hand Weapons
 e - the +3 mace of Juoz (weapon) {distort, *Corrode rElec rC- Dex+7}
   (You found it on level 6 of the Dungeon)

   It warps and distorts space around it, and may blink, banish, or inflict
   extra damage upon those it strikes.
   Unwielding it can cause banishment or high damage.
   Dex:       It affects your dexterity (+7).
   rC:        It makes you vulnerable to cold.
   rElec:     It insulates you from electricity.
   *Corrode:  It may corrode you when you take damage.
 h - a +1 whip of freezing
Armour
 b - a +0 scale mail (worn)
 c - a +0 buckler (worn)
 i - a +2 pair of boots (worn)
 l - a +1 cloak (worn)
 n - a +0 helmet (worn)
Jewellery
 f - an amulet of the acrobat (around neck)
 k - a +4 ring of evasion (right hand)
 t - a ring of flight
 u - a ring of willpower (left hand)
Wands
 p - a wand of flame (7)
Scrolls
 j - a scroll of brand weapon {unknown}
 o - a scroll of blinking {unknown}
 r - a scroll of enchant armour
 w - a scroll of torment {unknown}
 x - a scroll of fog
 z - a scroll of holy word {unknown}
Potions
 a - 2 potions of might
 d - 4 potions of resistance
 g - 4 potions of curing
 v - a potion of invisibility {unknown}
 B - a potion of berserk rage {unknown}


   Skills:
 + Level 10.2 Fighting
 + Level 9.0 Maces & Flails
 + Level 10.1 Armour
 + Level 13.4 Shields


You had 10 spell levels left.
You didn't know any spells.
Your spell library contained the following spells:

 Spells                   Type           Power      Damage    Failure   Level
 Pain                     Necr           0%         1d4       82%         1
 Corpse Rot               Necr/Air       0%         N/A       90%         2
 Ensorcelled Hibernation  Hex/Ice        0%         N/A       90%         2
 Passwall                 Tmut/Erth      0%         N/A       90%         2
 Wereblood                Tmut           0%         N/A       90%         2
 Dazzling Flash           Conj/Hex       0%         N/A       99%         3
 Spider Form              Tmut/Pois      0%         N/A       99%         3
 Swiftness                Air            0%         N/A       99%         3
 Anguish                  Hex/Necr       0%         N/A       100%        4
 Dispel Undead            Necr           0%         3d6       100%        4
 Iskenderun's Mystic Bla  Conj/Tloc      0%         2d3       100%        4
 Agony                    Necr           0%         N/A       100%        5
 Excruciating Wounds      Necr           0%         N/A       100%        5
 Conjure Ball Lightning   Conj/Air       0%         3x3d6     100%        6
 Death Channel            Necr           0%         N/A       100%        6
 Starburst                Conj/Fire      0%         6d3       100%        6
 Summon Hydra             Summ           0%         N/A       100%        7
 Borgnjor's Revivificati  Necr           0%         N/A       100%        8
 Discord                  Hex            0%         N/A       100%        8
 Disjunction              Tloc           0%         N/A       100%        8
 Necromutation            Tmut/Necr      0%         N/A       100%        8
 Death's Door             Necr           0%         N/A       100%        9
 Sublimation of Blood     Necr           Unusable   N/A       N/A         2

Dungeon Overview and Level Annotations

Branches:
Dungeon (8/15)             Temple (1/1) D:6            Lair (1/6) D:8
  Sewer (visited)

Altars:
Dithmenos
Hepliaklqana
Trog
Vehumet
Xom
The Shining One

Annotations:
Lair:1 1 transporter


Innate Abilities, Weirdness & Mutations

You are immune to sickness and miasma.
Your stone body is resilient. (AC +8)
You are immune to poison.
You resist negative energy. (rN+)
You are resistant to electric shocks. (rElec)
You are resistant to unholy torment.
You are immune to petrification.
You are partially covered in large bone plates. (SH +4)
Your spells are a little harder to cast, but a little more powerful.


Message History

The Shining One accepts your kill.
You feel better.
You feel much better.
You are engulfed in freezing vapours.
You hit the dire elephant simulacrum.
The dire elephant simulacrum is severely damaged.
You are engulfed in freezing vapours.
The dire elephant simulacrum tramples you!
You stumble backwards!
You hit the dire elephant simulacrum but do no damage.
Space warps horribly around the dire elephant simulacrum!!
The dire elephant simulacrum vaporises!
The Shining One accepts your kill.
You feel better.
You are engulfed in freezing vapours.
Really walk into that cloud of freezing vapour?
Okay, then.
You can't go down here!
You can't go up here!
You are engulfed in freezing vapours.
* * * LOW HITPOINT WARNING * * *
There is a transporter landing site here.
You feel better.
As you read the scroll labelled JOP ZARCHYS, it crumbles to dust.
It is a scroll of enchant armour.
Your +0 cloak glows green for a moment.
You feel yourself speed up.
Really walk into a travel-excluded area?
Okay, then.
You start resting.
Your extra speed is starting to run out.
You start resting.
You feel yourself slow down.
You start resting.
HP restored.
Really walk into a travel-excluded area?
You are engulfed in freezing vapours.
There is an open gate here.
You are engulfed in freezing vapours.
You are engulfed in freezing vapours.
You are engulfed in freezing vapours.
You die...

### #..# ##... #..# #...# #..#
#..## #.#### ####### ##.##
##....# #○°°☼°#########...##
#.....# ###°○○☼☼#○°☼○°°##.#..#
##.....###.#○°°○○#○°○°○○#......
##.......#..#:$○○☼°.#.#.°#...#..
#.......#..©#©:@○°☼...©°○#©..#†.
##......#...#)[○°○'.#.#°○#..#..#
#P........###○○○○☼#○☼○☼°.#..####
##........###°○○°°#°☼○○○.#..#
#.......## #○☼○☼°########..#
#.......########## ##>## #
##.....###......# #..### #
##...........#..# ### #.....
###..........##########.#
##.....


There were no monsters in sight!

Vanquished Creatures
  Fannar (Lair:1)
  Pikel (D:4)
  A komodo dragon (Lair:1)
  An anaconda simulacrum (Lair:1)
  A dire elephant simulacrum (Lair:1)
  8 yaks (Lair:1)
  A wyvern (D:8)
  Menkaure (D:4)
  4 water moccasins
  An orc warrior (D:8)
  A black bear (D:7)
  6 ogres
  2 centaurs
  5 kobold brigands (Sewer)
  Blork the orc (D:4)
  2 bullfrogs
  3 scorpions
  A water moccasin skeleton (D:3)
  An elephant simulacrum (Lair:1)
  4 killer bees (D:8)
  14 wights
  4 howler monkeys
  A rime drake simulacrum (Lair:1)
  A bullfrog zombie (D:5)
  3 centaur zombies
  2 jellies
  A hound (D:3)
  2 orc priests
  4 iguanas
  7 orc wizards
  7 hell rats (Lair:1)
  A polar bear simulacrum (Lair:1)
  A wolf simulacrum (Lair:1)
  2 killer bee zombies
  A basilisk simulacrum (Lair:1)
  A hound zombie (D:5)
  2 adders (D:5)
  An ufetubus (D:4)
  5 worms
  2 dart slugs
  35 orcs
  8 endoplasms
  7 giant cockroaches
  7 goblins
  10 hobgoblins
  5 jackals
  19 kobolds
  6 quokkas
  9 ball pythons
  6 bats
  4 frilled lizards
  12 rats
236 creatures vanquished.

Vanquished Creatures (collateral kills)
  4 orcs (D:4)
  A hobgoblin (D:4)
  A kobold (D:4)
6 creatures vanquished.

Vanquished Creatures (others)
  A plant (Sewer)
1 creature vanquished.

Grand Total: 243 creatures vanquished

Notes
Turn   | Place    | Note
-------+----------+-------------------------------------------
     0 | D:1      | suse60 the Gargoyle Fighter began the quest for the Orb.
     0 | D:1      | Reached XP level 1. HP: 14/14 MP: 1/1
   121 | D:1      | Reached XP level 2. HP: 16/19 MP: 2/2
   512 | D:1      | You fall into a shaft and drop 1 floor!
   574 | D:1      | Reached XP level 3. HP: 23/24 MP: 3/3
  2081 | D:3      | Found a bloodstained altar of Trog.
  2214 | D:3      | Reached XP level 4. HP: 29/29 MP: 4/4
  2426 | D:3      | Reached skill level 4 in Shields
  2437 | D:3      | Reached XP level 5. HP: 13/33 MP: 5/5
  2737 | D:3      | Found a faded altar of an unknown god.
  2839 | D:3      | Found a glowing golden altar of the Shining One.
  2843 | D:3      | Became a worshipper of the Shining One
  3276 | D:4      | Noticed Menkaure
  3287 | D:4      | Killed Menkaure
  3288 | D:4      | Reached skill level 5 in Shields
  3288 | D:4      | Reached XP level 6. HP: 40/40 MP: 6/6
  3338 | D:4      | Noticed Pikel
  3367 | D:4      | Killed Pikel
  3368 | D:4      | Reached skill level 5 in Fighting
  3368 | D:4      | Reached skill level 5 in Armour
  3368 | D:4      | Reached skill level 6 in Shields
  3368 | D:4      | Reached XP level 7. HP: 35/45 MP: 7/7
  3518 | D:4      | Reached XP level 8. HP: 50/51 MP: 8/8
  3665 | D:4      | Noticed Blork the orc
  3675 | D:4      | Killed Blork the orc
  3676 | D:4      | Reached skill level 7 in Shields
  3943 | D:4      | Reached skill level 5 in Maces & Flails
  4112 | D:5      | Entered Level 5 of the Dungeon
  4308 | D:5      | Reached skill level 8 in Shields
  4327 | D:5      | Reached * piety under the Shining One
  4403 | D:5      | Found a shadowy altar of Dithmenos.
  4635 | D:5      | Found a glowing drain.
  4641 | Sewer    | Entered a sewer
  4680 | Sewer    | Reached XP level 9. HP: 51/56 MP: 9/9
  4760 | Sewer    | Reached skill level 9 in Shields
  5075 | D:5      | Gained mutation: Your spells are a little easier to cast,
                  | but a little less powerful. [potion of mutation]
  5075 | D:5      | Gained mutation: You are dopey. (Int -2) [potion of
                  | mutation]
  5076 | D:5      | Lost mutation: Your spells are a little easier to cast, but
                  | a little less powerful. [potion of mutation]
  5076 | D:5      | Lost mutation: You are dopey. (Int -2) [potion of mutation]
  5076 | D:5      | Gained mutation: You have hidden genetic potential. [potion
                  | of mutation]
  5530 | D:6      | Identified the +3 mace of Juoz {distort, *Corrode rElec rC-
                  | Dex+7}
  5550 | D:6      | Found a staircase to the Ecumenical Temple.
  5572 | Temple   | Entered the Ecumenical Temple
  5693 | D:6      | Identified the +8 short sword of Qesent {vorpal, Will-
                  | Str+4 Int+4}
  6147 | D:7      | Reached skill level 10 in Shields
  6413 | D:7      | Reached ** piety under the Shining One
  6562 | D:7      | Found a radiant altar of Vehumet.
  7045 | D:8      | Reached XP level 10. HP: 64/64 MP: 10/10
  7077 | D:8      | Found a hazy altar of Hepliaklqana.
  7118 | D:8      | Reached skill level 11 in Shields
  7246 | D:8      | Gained mutation: You are partially covered in large bone
                  | plates. (SH +4) [hidden potential]
  7372 | D:8      | Found a staircase to the Lair.
  8125 | Lair:1   | Entered Level 1 of the Lair of Beasts
  8134 | Lair:1   | Noticed Fannar
  8134 | Lair:1   | Reached *** piety under the Shining One
  8156 | Lair:1   | Killed Fannar
  8407 | Lair:1   | Noticed a boulder beetle
  8439 | Lair:1   | Banished a boulder beetle
  8440 | Lair:1   | Reached skill level 12 in Shields
  8638 | Lair:1   | Found a transporter.
  8700 | Lair:1   | Reached XP level 11. HP: 72/72 MP: 11/11
  8738 | Lair:1   | Noticed a four-headed hydra
  8745 | Lair:1   | Banished a four-headed hydra
  8746 | Lair:1   | Reached skill level 13 in Shields
  8760 | Lair:1   | Found a transporter.
  8761 | Lair:1   | Gained mutation: Your spells are a little harder to cast,
                  | but a little more powerful. [hidden potential]
  8761 | Lair:1   | Lost mutation: You have hidden genetic potential. [hidden
                  | potential expressed]
  8806 | Lair:1   | Reached skill level 10 in Fighting
  8811 | Lair:1   | Reached skill level 10 in Armour
  9528 | Lair:1   | Reached **** piety under the Shining One
  9842 | Lair:1   | Engulfed by a cloud of freezing vapour

Illustrated notes

Levels and vault maps discovered:
D:1:      erik_arrival_cave_to_civilisation [erik_arrival_cave_to_hall],
          layout_basic
D:2:      layout_basic
D:3:      layout_basic, lemuel_crystal_altar, trog_hazing_becter,
          shapermc_ecumenical_altar_ellora, wad_rectangle_vault
D:4:      layout_loops_cross, uniq_pikel, uniq_menkaure, uniq_blork_the_orc
D:5:      layout_loops_ring, grunt_dithmenos_smoke, gup_sewer_entry_bubbles,
          nicolae_concentric_dashed_squares_mild
D:6:      layout_rooms, minmay_temple_entry_arrows
D:7:      layout_layer_cave, mainiacjoe_overflow_catwalk
D:8:      layout_loops_corners, mainiacjoe_overflow_paths, lair_entry_dummy,
          chequers_serial_rivers_micro_d
Temple:   dshaligram_water_room_temple
Lair:1:   gammafunk_cloud_chamber, layout_cave_pods, uniq_fannar

Skill      XL: |  1  2  3  4  5  6  7  8  9 10 11 |
---------------+----------------------------------+-----
Fighting       | 4 5 6 8 9 10 | 10.2
Armour         | 4 5 6 8 9 10 | 10.1
Shields        | 4 5 6 8 10 12 13 | 13.4
Maces & Flails | 3 4 5 7 8 9 |  9.0

Action                   |  1- 3 |  4- 6 |  7- 9 | 10-12 || total
-------------------------+-------+-------+-------+-------++-------
Melee: Flail             |   125 |    96 |     2 |       ||   223
       Whip              |       |       |   363 |       ||   363
       Mace              |       |       |    61 |   192 ||   253
Throw: Throwing net      |       |     2 |     1 |       ||     3
Evoke: Wand              |       |     1 |     9 |     4 ||    14
  Use: Scroll            |       |     3 |    12 |     1 ||    16
       Potion            |       |     1 |     3 |     7 ||    11
Armor: Scale mail        |    47 |    43 |   132 |    35 ||   257
Dodge: Dodged            |    46 |    22 |   127 |    61 ||   256
Block: Buckler           |    21 |    16 |    77 |    72 ||   186
